 Dungeon Sprint DCSS version 0.30.1-11-g7821555f0a (webtiles) character file.

Game seed: 8077838535635896632

830 GreatBamboolord the Geomancer (level 7, -1/44 HPs)
             Began as a Gargoyle Earth Elementalist on Jan 13, 2024.
             Was a Priest of Vehumet.
             Slain by an orc
             ... wielding a +0 trident
              (5 damage)
             ... in the Dungeon (Sprint V: "Ziggurat Sprint").
             The game lasted 00:03:15 (417 turns).

GreatBamboolord the Geomancer (GrEE)                 Turns: 417, Time: 00:03:16

Health: -1/44      AC: 10    Str: 12    XL:     7   Next: 97%
Magic:  1/17       EV: 11    Int: 29    God:    Vehumet [***...]
Gold:   0          SH: 11    Dex: 10    Spells: 16/20 levels left

rFire   + . .        b - +8 lance "Wyrmbane" {slay drac, rPois rF+ rC+ AC+3}
rCold   + . .        i - +3 kite shield
rNeg    + . .        H - +0 robe
rPois   ∞            (no helmet)
rElec   +            I - +0 cloak {Stlth+}
rCorr   .            (no gloves)
SInv    .            (no boots)
Will    .....        (no amulet)
Stlth   +++          z - +6 ring of intelligence
HPRegen 0.27/turn    A - +6 ring of intelligence
MPRegen 0.15/turn

%: no teleportation
@: marked, very slightly contaminated
A: sickness immunity, AC +4, negative energy resistance 1, electricity
resistance, torment resistance 1, petrification resistance
a: Renounce Religion


You were in the Dungeon.
You worshipped Vehumet.
Vehumet was most pleased with you.
You visited 1 branch

Inventory:

Hand Weapons
 a - the +6 Majin-Bo {spellvamp, MP+6 Int+6}
   (You found it in the Dungeon)

   Int:       It affects your intelligence (+6).
   MP:        It affects your magic capacity (+6).
 b - the +8 lance "Wyrmbane" (weapon) {slay drac, rPois rF+ rC+ AC+3}
   (You found it in the Dungeon)

   AC:        It affects your AC (+3).
   rF:        It protects you from fire.
   rC:        It protects you from cold.
   rPois:     It protects you from poison.
 p - the +7 lajatang of Order {silver, rMut}
   (You found it in the Dungeon)

   rMut:      It protects you from mutation.
Armour
 i - a +3 kite shield (worn)
 j - a +3 tower shield
 k - +5 fire dragon scales
 l - +5 storm dragon scales
 H - a +0 robe (worn)
 I - a +0 cloak of stealth (worn)
Jewellery
 y - a +6 ring of dexterity
 z - a +6 ring of intelligence (left hand)
 A - a +6 ring of intelligence (right hand)
 C - a +6 ring of strength
Wands
 v - a wand of flame (12)
 D - a wand of mindburst (7)
 E - a wand of iceblast (7)
 F - a wand of acid (7)
Scrolls
 g - 3 scrolls of blinking
 h - a scroll of brand weapon
 r - 4 scrolls of amnesia
 s - 7 scrolls of fog
 u - 2 scrolls of fear
Potions
 c - 10 potions of curing
 d - 8 potions of heal wounds
 e - 6 potions of haste
 f - 3 potions of berserk rage
 m - 2 potions of brilliance
 n - a potion of invisibility
 o - 4 potions of resistance
 q - 5 potions of might
 G - 8 potions of magic


   Skills:
 + Level 5.1 Fighting
 * Level 6.0 Dodging
 - Level 2.1 Stealth
 + Level 5.1 Shields
 * Level 7.4 Spellcasting
 * Level 9.4 Conjurations
 - Level 0.7 Transmutations
 * Level 10.1 Earth Magic


You had 16 spell levels left.
You knew the following spells:

 Your Spells              Type           Power      Damage    Failure   Level
a - Sandblast             Erth           100%       2d20      1%          1
b - Stone Arrow           Conj/Erth      100%       3d13      1%          3

Your spell library contained the following spells:

 Spells                   Type           Power      Damage    Failure   Level
 Shock                    Conj/Air       100%       1d9       1%          1
 Passwall                 Tmut/Erth      35%        N/A       2%          2
 Petrify                  Tmut/Erth      42%        N/A       19%         4
 Anguish                  Hex/Necr       5%         N/A       86%         4
 Cause Fear               Hex            5%         N/A       86%         4
 Enfeeble                 Hex            5%         N/A       100%        7


Dungeon Overview and Level Annotations

Branches:
Dungeon (1/1)

Altars:
Ashenzari
Cheibriados
Dithmenos
Elyvilon
Fedhas
Gozag
Hepliaklqana
Kikubaaqudgha
Makhleb
Nemelex Xobeh
Okawaru
Qazlal
Ru
Sif Muna
Trog
Uskayaw
Vehumet
Wu Jian
Xom
Yredelemnul
Zin
The Shining One
Jiyva
Lugonu

Annotations:
D 1 transporter


Innate Abilities, Weirdness & Mutations

You are immune to sickness and miasma.
Your stone body is resilient. (AC +4)
You are immune to poison.
You resist negative energy. (rN+)
You are resistant to electric shocks. (rElec)
You are resistant to unholy torment.
You are immune to petrification.


Message History

You feel an overwhelming desire to slay dragons!
b - the +8 lance "Wyrmbane" (weapon)
{slay drac, rPois rF+ rC+ AC+3} The orc wizard gestures at you while chanting.
The puff of flame hits you. You resist.
Unknown command.
You hit the orc priest.
The orc priest is lightly wounded.
You block the orc priest's attack. You block the orc's attack.
Unknown command.
You hit the orc priest but do no damage.
The orc priest is lightly wounded.
You block the orc wizard's attack. The orc priest barely misses you.
The orc closely misses you.
You hit the orc priest.
The orc priest is moderately wounded.
The orc wizard hits you but does no damage.
You block the orc priest's attack.
The orc yells repeatedly.
You block the orc's attack.
The orc priest calls down the wrath of Beogh upon you.
You struggle to resist.
You hit the orc priest.
The orc priest is heavily wounded.
The orc wizard gestures at you while chanting.
The magic dart hits you but does no damage.
The orc priest hits you with a +1 flail of holy wrath.
You block the orc's attack.
The orc wizard hits you with a +0 dagger.
The orc priest hits you but does no damage.
The orc hits you but does no damage.
The orc priest hits you with a +1 flail of holy wrath!
You completely miss the orc priest.
The orc priest is heavily wounded.
You flicker back into view.
You block the orc wizard's attack.
The orc priest invokes the aid of Beogh against you.
Beogh smites you!
* * * LOW HITPOINT WARNING * * *
The orc hits you from afar with a +0 trident.
You die...

▓..©..▓..©..▓▓▓▓▓▓▓
▓▓▓▓▓▓▓▓▓▓▓▓▓▓▓▓▓▓▓
▓..8©8...▓..8©8...▓
▓.."[)...▓..|[[...▓
▓...3....▓..=.|...▓
▓zCp.....▓........▓
▓..npmL..▓..)o....▓
▓§▓O...▓.▓.▓o...▓.▓
▓..1©....▓..o@o...▓
▓▓▓▓▓▓▓▓▓▓▓▓▓▓▓▓▓▓▓


You could see 2 orc priests, an orc wizard and an orc.

Vanquished Creatures
  A great orb of eyes (D)
  A naga (D)
  A crimson imp (D)
  A quasit (D)
  An adder (D)
  2 shadow imps (D)
  An ufetubus (D)
  2 ball pythons (D)
10 creatures vanquished.

Vanquished Creatures (others)
  An orc (D)
1 creature vanquished.

Grand Total: 11 creatures vanquished

Notes
Turn   | Place    | Note
-------+----------+-------------------------------------------
     0 | D        | GreatBamboolord the Gargoyle Earth Elementalist began the
                  | quest for the Orb.
     0 | D        | Reached XP level 1. HP: 10/10 MP: 3/3
     2 | D        | Found a blossoming altar of Fedhas.
     2 | D        | Found the +6 Majin-Bo {spellvamp, MP+6 Int+6}
     2 | D        | Found the +27 heavy crossbow "Sniper" {heavy, Acc+∞ SInv}
     2 | D        | Found the +10 dark maul {heavy}
     2 | D        | Found the +15 Maxwell's patent armour {-Cast -Tele rElec
                  | Will+ rCorr}
     2 | D        | Found the +18 shield of the Gong {Loud rN+ Will+ rCorr
                  | EV-5}
     2 | D        | Found the +16 obsidian axe {drain, demonic, Mesm Drain Fly
                  | SInv}
     2 | D        | Found the +7 great mace "Firestarter" {flame, immolate,
                  | rFlCloud rF++}
     2 | D        | Found the +6 shillelagh "Devastator" {shatter}
     2 | D        | Found the +11 plutonium sword {Contam Stlth-}
     2 | D        | Found the +8 lance "Wyrmbane" {slay drac, rPois rF+ rC+
                  | AC+3}
     2 | D        | Found the +9 sword of Zonguldrok {reap}
     2 | D        | Found the +13 scythe of Curses {drain, curses, Drain}
     2 | D        | Found the +9 sword of Power {lifebolt}
     2 | D        | Found the +7 mace of Variability {chaos, chaos arc}
     2 | D        | Found the +11 Singing Sword {sonic wave}
     2 | D        | Found the +8 storm bow {elec, penet}
    12 | D        | Found a shimmering blue altar of Sif Muna.
    12 | D        | Found a bloodstained altar of Trog.
    12 | D        | Found a sacrificial altar of Ru.
    12 | D        | Found a stormy altar of Qazlal.
    12 | D        | Found an iron altar of Okawaru.
    13 | D        | Found a sparkling altar of Nemelex Xobeh.
    15 | D        | Found a transporter.
    15 | D        | Found an ancient bone altar of Kikubaaqudgha.
    15 | D        | Found a viscous altar of Jiyva.
    15 | D        | Found a corrupted altar of Lugonu.
    15 | D        | Found a hazy altar of Hepliaklqana.
    15 | D        | Found a burning altar of Makhleb.
    15 | D        | Found an opulent altar of Gozag.
    33 | D        | Became a worshipper of Vehumet
    54 | D        | Reached skill level 5 in Conjurations
    54 | D        | Reached skill level 5 in Earth Magic
    54 | D        | Reached XP level 2. HP: 15/15 MP: 3/6
   127 | D        | Entered arena 2.
   127 | D        | Found a transporter.
   130 | D        | Reached skill level 1 in Fighting
   130 | D        | Reached skill level 1 in Shields
   130 | D        | Reached skill level 6 in Earth Magic
   130 | D        | Reached XP level 3. HP: 19/20 MP: 8/8
   157 | D        | Learned a level 3 spell: Stone Arrow
   178 | D        | Entered arena 3.
   178 | D        | Found the +7 lajatang of Order {silver, rMut}
   178 | D        | Found a transporter.
   179 | D        | Reached * piety under Vehumet
   179 | D        | Offered knowledge of Magic Dart by Vehumet.
   182 | D        | Reached XP level 4. HP: 15/25 MP: 5/10
   183 | D        | Reached ** piety under Vehumet
   291 | D        | Entered arena 4.
   291 | D        | Noticed a naga
   291 | D        | Found a transporter.
   294 | D        | Killed a naga
   295 | D        | Reached skill level 5 in Spellcasting
   295 | D        | Reached skill level 7 in Earth Magic
   295 | D        | Reached XP level 5. HP: 32/32 MP: 8/13
   394 | D        | Entered arena 5.
   394 | D        | Noticed a vault sentinel
   394 | D        | Noticed an ironbound thunderhulk
   394 | D        | Noticed an ironbound convoker
   394 | D        | Noticed a great orb of eyes
   394 | D        | Found a transporter.
   394 | D        | Paralysed by a great orb of eyes for 4 turns
   404 | D        | Killed a great orb of eyes
   404 | D        | Offered knowledge of Shock by Vehumet.
   404 | D        | Reached *** piety under Vehumet
   405 | D        | Reached skill level 5 in Fighting
   405 | D        | Reached skill level 5 in Shields
   405 | D        | Reached skill level 10 in Earth Magic
   405 | D        | Reached XP level 6. HP: 14/40 MP: 4/16
   405 | D        | Reached XP level 7. HP: 15/44 MP: 4/17
   407 | D        | Noticed an ettin
   407 | D        | Noticed a soul eater
   408 | D        | Noticed an ancient lich
   408 | D        | Noticed a Hell Sentinel
   408 | D        | Noticed an ancient champion
   408 | D        | Noticed a merfolk aquamancer
   408 | D        | Noticed a ghoul
   409 | D        | Entered arena 6.
   409 | D        | Found a transporter.
   417 | D        | Slain by an orc

Illustrated notes

Levels and vault maps discovered:
D:        sprint_v [room_start, room_1, room_2, room_3, room_4, room_5, room_6,
          room_7, room_8, room_9, room_10, room_11, room_12, room_13, room_14,
          room_15, room_16, room_17, room_18, room_19, room_20, room_21,
          room_22, room_23, room_24, room_25, room_26, room_27]

Skill      XL: |  1  2  3  4  5 |
---------------+----------------+-----
Spellcasting   | 3 4 5 7 |  7.4
Conjurations   | 5 6 7 9 |  9.4
Earth Magic    | 5 6 7 10 | 10.1
Fighting       | 1 3 5 |  5.1
Dodging        | 2 3 6 |  6.0
Shields        | 1 3 5 |  5.1
Stealth        | |  2.1
Transmutations | |  0.7

Action                     |  1- 3 |  4- 6 |  7- 9 || total
---------------------------+-------+-------+-------++-------
  Melee: Lance             |       |       |     5 ||     5
   Cast: Sandblast         |     5 |     1 |       ||     6
         Stone Arrow       |     3 |    10 |     1 ||    14
    Use: Potion            |     1 |     2 |     1 ||     4
         Scroll            |       |       |     1 ||     1
 Armour: Robe              |     3 |     3 |     4 ||    10
  Dodge: Dodged            |       |     3 |     6 ||     9
  Block: Kite shield       |       |     6 |     8 ||    14
